 Dungeon Crawl Stone Soup version 0.26.1-11-gd32895ea62 (webtiles) character file.

Game seed: 15359979954464102903

774 Dathi the Covered (level 7, -1/61 HPs)
             Began as a Hill Orc Fighter on June 28, 2021.
             Slain by an orc
             ... wielding a cursed +0 hand axe
              (5 damage)
             ... on level 6 of the Dungeon.
             The game lasted 00:14:22 (5890 turns).

Dathi the Covered (Hill Orc Fighter)                Turns: 5890, Time: 00:14:22

Health: -1/61      AC: 11    Str: 21    XL:     7   Next: 84%
Magic:  7/7        EV:  8    Int:  8    God:
Gold:   337        SH: 10    Dex: 10    Spells: 6/6 levels left

rFire    . . .     SeeInvis .   h - +3 dagger (flame)
rCold    + . .     Faith    .   c - +0 kite shield
rNeg     . . .     Spirit   .   b - +1 scale mail
rPois    .         Reflect  .   q - +0 helmet
rElec    .         Harm     .   B - +0 cloak
rCorr    .         Rampage  .   (no gloves)
Will     .....                  (no boots)
Stlth    ..........             (no amulet)
HPRegen  0.20/turn              u - ring of protection from cold
MPRegen  0.10/turn              (no ring)

@: no status effects
A: no striking features
a: no special abilities


You were on level 6 of the Dungeon.
You visited 1 branch of the dungeon, and saw 6 of its levels.

You collected 337 gold pieces.

Inventory:

Hand Weapons
 h - a +3 dagger of flaming (weapon)
 l - a +2 dagger of venom
 y - a +1 short sword of speed
Missiles
 o - a throwing net (quivered)
Armour
 b - a +1 scale mail (worn)
 c - a +0 kite shield (worn)
 q - a +0 helmet (worn)
 B - a +0 cloak (worn)
Magical Staves
 w - an uncursed staff of conjuration {unknown}
Jewellery
 u - a ring of protection from cold (left hand)
 x - a +4 ring of evasion {unknown}
Wands
 e - a wand of disintegration (10)
 k - a wand of iceblast (5)
 z - a wand of random effects (16)
Scrolls
 f - a scroll of enchant armour
 j - 3 scrolls of teleportation
 p - a scroll of remove curse
Potions
 a - 2 potions of berserk rage {unknown}
 i - a potion of attraction
 m - a potion of cancellation {unknown}
 n - 2 potions of mutation {unknown}
 r - a potion of degeneration {unknown}
 s - 2 potions of curing {unknown}
 t - a potion of lignification {unknown}
 v - 2 potions of ambrosia {unknown}


   Skills:
 * Level 5.3 Fighting
 + Level 2.9 Short Blades
 + Level 2.9 Axes
 * Level 6.8 Armour
 + Level 0.6 Dodging
 + Level 0.2 Stealth
 * Level 5.5 Shields


You had 6 spell levels left.
You didn't know any spells.
Your spell library was empty.

Dungeon Overview and Level Annotations

Branches:
Dungeon (6/15)             Temple (0/1) D:6

Altars:
Makhleb

Annotations:
D:6 Pikel


Message History

The orc priest looks encouraged for a moment.
You open the door.
The orc priest miscasts a cantrip.
Found a staircase to the Ecumenical Temple.
There is an open door here.
The lemure hits you.
* * * LOW HITPOINT WARNING * * *
Found a scroll labelled MECESY XEANAL.
An orc comes into view. It is wielding a +0 hand axe.
The orc shouts!
An adder comes into view.
Found 23 arrows.
The adder hisses angrily.
You hear a shout!
An ogre comes into view. It is wielding a +0 giant club.
A black bear comes into view.
You block the orc's attack. You block the adder's attack.
You hit the adder. You burn the adder.
The adder is moderately wounded.
The orc hits you with a cursed +0 hand axe.
You die...

#+########o#######
##..###### #..
#...# #.. ....#...+
.......5.#
...#...#.#
....#.#o5####
.....>....#.####+##
....#.#...5........
...#...#...@S......
...........o(..O..
.......?..........
.[.
..................
...
.................
...
...###...###+######
#.# ### #h..#
##..####'# .....
..........
..........


You could see a black bear, an ogre, 3 lemures, an adder and 2 orcs.

Vanquished Creatures
  An ogre (D:6)
  A bullfrog (D:6)
  A howler monkey (D:5)
  A bullfrog skeleton (D:6)
  2 hounds (D:3)
  A jelly (D:5)
  2 orc priests
  An orc wizard (D:4)
  A gnoll shaman (D:6)
  5 worker ants
  4 gnolls (D:6)
  8 adders
  A howler monkey skeleton (D:5)
  2 ufetubi
  An ooze (D:3)
  6 worms
  2 dart slugs (D:3)
  A leopard gecko (D:6)
  12 orcs
  2 ball pythons
  6 bats
  2 giant cockroaches
  6 goblins
  6 hobgoblins
  A jackal (D:3)
  A quokka (D:4)
  3 frilled lizards
  7 kobolds
  9 rats
96 creatures vanquished.

Notes
Turn   | Place    | Note
-------+----------+-------------------------------------------
     0 | D:1      | Dathi the Hill Orc Fighter began the quest for the Orb.
     0 | D:1      | Reached XP level 1. HP: 19/19 MP: 1/1
   216 | D:1      | Reached XP level 2. HP: 27/27 MP: 2/2
   320 | D:1      | You fall into a shaft and drop 1 floor!
   882 | D:2      | Reached XP level 3. HP: 33/33 MP: 3/3
  1659 | D:3      | Reached XP level 4. HP: 26/41 MP: 4/4
  1667 | D:3      | Reached skill level 4 in Armour
  1958 | D:3      | Reached skill level 1 in Short Blades
  2479 | D:3      | Reached XP level 5. HP: 36/47 MP: 5/5
  2643 | D:3      | Reached skill level 5 in Armour
  3204 | D:4      | Reached XP level 6. HP: 38/53 MP: 6/6
  3866 | D:4      | Reached skill level 5 in Fighting
  3950 | D:4      | Found a burning altar of Makhleb.
  4235 | D:5      | Entered Level 5 of the Dungeon
  4628 | D:5      | Reached XP level 7. HP: 57/61 MP: 7/7
  4632 | D:5      | Reached skill level 5 in Shields
  4687 | D:5      | Reached skill level 6 in Armour
  5793 | D:6      | Noticed Pikel
  5816 | D:6      | HP: 2/61 [orc warrior/+0 glaive (13)]
  5878 | D:6      | HP: 2/61 [orc priest/nerve-wracking pain (5)]
  5881 | D:6      | Found a staircase to the Ecumenical Temple.
  5883 | D:6      | HP: 2/61 [lemure[Pikel] (1)]
  5890 | D:6      | Slain by an orc

Illustrated notes

Levels and vault maps discovered:
D:1:      eino_arrival_cavern_b, layout_loops_cross, minmay_splitting_lines
D:2:      layout_rooms
D:3:      layout_loops_corners, minmay_statues_item, minmay_fractal_squares_5
D:4:      layout_gridville, lemuel_round_altar
D:5:      layout_rooms, lightli_sewer_entry_pipes
D:6:      layout_gridville, minmay_temple_entry_crystal_x, minivault_1,
          uniq_pikel

Skill      XL: |  1  2  3  4  5  6  7 |
---------------+----------------------+-----
Fighting       | 4 5 |  5.3
Shields        | 4 5 |  5.5
Armour         | 4 5 6 |  6.8
Short Blades   | 1 2 |  2.9
Axes           | |  2.9
Dodging        | |  0.6
Stealth        | |  0.2

Action                   |  1- 3 |  4- 6 |  7- 9 || total
-------------------------+-------+-------+-------++-------
Melee: War axe           |    41 |       |       ||    41
       Dagger            |    69 |   209 |   156 ||   434
  Use: Scroll            |     7 |     6 |     1 ||    14
       Potion            |       |     3 |     3 ||     6
Armor: Scale mail        |    51 |    75 |    44 ||   170
Dodge: Dodged            |    42 |    54 |    31 ||   127
Block: Kite shield       |    40 |    97 |    69 ||   206
